 Dungeon Crawl Stone Soup version 0.32-a0-136-gc02482bde3 (webtiles) character file.

Game seed: 16103657976965034892

882 CougarLife the Digger (level 8, -1/54 (58) HPs)
             Began as a Gnoll Earth Elementalist on Feb 10, 2024.
             Was an Initiate of Vehumet.
             Slain by a wight
             ... wielding a +0 halberd
              (2 damage)
             ... on level 6 of the Dungeon.
             The game lasted 00:05:20 (4395 turns).

CougarLife the Digger (Gnoll Earth Elementalist)    Turns: 4395, Time: 00:05:21

HP:   -1/54 (58)    AC:  3    Str:  7    XL:     8   Next: 5%
MP:   1/16          EV: 14    Int: 17    God:    Vehumet [......]
Gold: 259           SH:  5    Dex: 13    Spells: 14/18 levels left

rFire   + . .        l - +1 short sword "Afituamp" {drain, rF+ rC+ Will+}
rCold   + + .        (no shield)
rNeg    . . .        a - +0 robe
rPois   +            t - +0 helmet
rElec   .            (no cloak)
rCorr   .            (no gloves)
SInv    .            (no boots)
Will    +....        r - amulet of reflection
Stlth   +++          n - ring of poison resistance
HPRegen 0.29/turn    v - ring of protection from cold
MPRegen 0.15/turn

%: reflection
@: very slightly contaminated, drained
A: fangs 1, strong nose, distributed training
a: Renounce Religion


You were on level 6 of the Dungeon.
You worshipped Vehumet.
Vehumet was noncommittal.
You visited 2 branches of the dungeon, and saw 7 of its levels.

You collected 298 gold pieces.
You spent 39 gold pieces at shops.

Inventory:

Hand Weapons
 l - the +1 short sword "Afituamp" (weapon) {drain, rF+ rC+ Will+}
   (You found it on level 4 of the Dungeon)

   rF+:       It protects you from fire.
   rC+:       It protects you from cold.
   Will+:     It increases your willpower.
Armour
 a - a +0 robe (worn)
 t - a +0 helmet (worn)
Jewellery
 n - a ring of poison resistance (left hand)
 r - an amulet of reflection (around neck)
 v - a ring of protection from cold (right hand)
Wands
 w - a wand of charming (11)
Scrolls
 c - a scroll of immolation {unknown}
 d - a scroll of noise {unknown}
 f - 3 scrolls of enchant weapon {unknown}
 h - 3 scrolls of identify {unknown}
 i - 5 scrolls of teleportation
 o - a scroll of poison {unknown}
 p - a scroll of enchant armour {unknown}
 q - a scroll of silence {unknown}
 s - a scroll of vulnerability {unknown}
 x - a scroll of revelation {unknown}
 y - a scroll of summoning {unknown}
Potions
 b - a potion of magic
 e - 2 potions of degeneration {unknown}
 g - a potion of cancellation {unknown}
 j - 3 potions of haste {unknown}
 k - a potion of brilliance {unknown}
 m - a potion of enlightenment {unknown}
 u - 2 potions of heal wounds {unknown}


   Skills:
 + Level 3.0 Fighting
 + Level 3.0 Short Blades
 + Level 3.0 Long Blades
 + Level 3.0 Axes
 + Level 3.0 Maces & Flails
 + Level 3.0 Polearms
 + Level 3.0 Staves
 + Level 3.0 Ranged Weapons
 + Level 3.0 Throwing
 + Level 3.0 Armour
 + Level 5.5 Dodging
 + Level 5.2 Stealth
 + Level 3.0 Shields
 + Level 3.0 Unarmed Combat
 + Level 5.9 Spellcasting
 + Level 3.3 Conjurations
 + Level 2.4 Hexes
 + Level 2.4 Summonings
 + Level 2.4 Necromancy
 + Level 2.4 Translocations
 + Level 2.4 Fire Magic
 + Level 2.4 Ice Magic
 + Level 2.4 Air Magic
 + Level 6.0 Earth Magic
 + Level 2.4 Alchemy
 + Level 3.3 Invocations
 + Level 3.0 Evocations
 + Level 2.7 Shapeshifting


You had 14 spell levels left.
You knew the following spells:

 Your Spells              Type           Power      Damage    Failure   Level
a - Sandblast             Erth           50%        2d12      1%          1
b - Stone Arrow           Conj/Erth      40%        3d9       6%          3

Your spell library contained the following spells:

 Spells                   Type           Power      Damage    Failure   Level
 Passwall                 Erth           25%        N/A       3%          3
 Kiss of Death            Conj/Necr      56%        2d9       4%          1
 Confusing Touch          Hex            13%        N/A       14%         3
 Brom's Barrelling Bould  Conj/Erth      20%        2d4       19%         4
 Petrify                  Alch/Erth      19%        N/A       22%         4
 Dispel Undead            Necr           13%        3d9       43%         4
 Conjure Ball Lightning   Conj/Air       7%         3x3d6     99%         6
 Discord                  Hex            6%         N/A       100%        8
 Disjunction              Tloc           6%         N/A       100%        8


Dungeon Overview and Level Annotations

Branches:
Dungeon (6/15)             Temple (1/1) D:4

Altars:
Ashenzari
Cheibriados
Dithmenos
Elyvilon
Fedhas
Gozag
Kikubaaqudgha
Makhleb
Nemelex Xobeh
Okawaru
Qazlal
Ru
Sif Muna
Trog
Vehumet
Wu Jian
Xom
Yredelemnul
Zin

Shops:
D:3 [   D:4 =   D:5 **


Innate Abilities, Weirdness & Mutations

You have very sharp teeth.
Your uncanny sense of smell can sniff out nearby items.
Your experience applies equally to all skills.


Message History

Casting: Stone Arrow (dangerous; 6% risk of failure)
Confirm with . or Enter, or press ? or * to list all spells.
Aiming: Stone Arrow (dangerous; 6% risk of failure)
Press: ? - help, Shift-Dir - straight line, f/p - wight
Aim: a wight, wielding a +0 halberd and wearing a +0 robe (heavily damaged, 71% to hit)
The stone arrow misses the wight.
Casting: Stone Arrow (dangerous; 6% risk of failure)
Confirm with . or Enter, or press ? or * to list all spells.
Aiming: Stone Arrow (dangerous; 6% risk of failure)
Press: ? - help, Shift-Dir - straight line, f/p - wight
Aim: a wight, wielding a +0 halberd and wearing a +0 robe (heavily damaged, 71% to hit)
You miscast Stone Arrow.
You are very lightly contaminated with residual magic.
Nothing appears to happen.
You block the wight's attack.
Casting: Stone Arrow (dangerous; 6% risk of failure)
Confirm with . or Enter, or press ? or * to list all spells.
You don't have enough magic to cast this spell.
Unknown command.
The wight hits you with a +0 halberd!
You hit the wight but do no damage. You bite the wight, but do no damage.
The wight is heavily damaged.
The wight hits you with a +0 halberd!
You closely miss the wight. You bite the wight, but do no damage.
The wight is heavily damaged.
The wight hits you with a +0 halberd!
You barely miss the wight.
The wight is heavily damaged.
You closely miss the wight.
The wight is heavily damaged.
The wight completely misses you.
You hit the wight but do no damage.
The wight is heavily damaged.
The wight hits you with a +0 halberd!
* * * LOW HITPOINT WARNING * * *
You feel drained.
* * * LOW HITPOINT WARNING * * *
The wight hits you from afar with a +0 halberd!
* * * LOW HITPOINT WARNING * * *
You feel drained.
You die...

.##.# ####.# #.#
#.#.## #.# #.#
##...# #.# #.#
#.#..# #.# #.#
.##.<#####.###.###
.##..............#
...........###.#.#
.......#### #.#.#
###.##.# #.#@# #.#
.# #.#.# ... .#
###.#z# #.##
#...#)# ..#
#.#...# .##
#.#.### .#####.#z#
.....(...#
..#####..#


You could see a wight.

Vanquished Creatures
  A wyvern (D:5)
  2 black bears
  Blork the orc (D:4)
  3 scorpions (D:5)
  A wight (D:6)
  A bombardier beetle (D:4)
  A jelly (D:5)
  A hound (D:5)
  An orc wizard (D:5)
  Robin (D:4)
  4 adders
  A shadow imp (D:3)
  A ribbon worm (D:3)
  9 orcs
  3 endoplasms
  2 giant cockroaches (D:1)
  11 goblins
  5 hobgoblins
  3 jackals (D:5)
  5 quokkas
  6 ball pythons
  5 bats
  2 frilled lizards
  10 kobolds
  4 rats
84 creatures vanquished.

Notes
Turn   | Place    | Note
-------+----------+-------------------------------------------
     0 | D:1      | CougarLife the Gnoll Earth Elementalist began the quest for
                  | the Orb.
     0 | D:1      | Reached XP level 1. HP: 13/13 MP: 6/6
   144 | D:1      | Found a faded altar of an unknown god.
   160 | D:1      | Reached XP level 2. HP: 19/19 MP: 4/7
  1049 | D:2      | Reached skill level 5 in Spellcasting
  1049 | D:2      | Reached XP level 3. HP: 25/25 MP: 6/9
  1095 | D:2      | Reached skill level 1 in Invocations
  1656 | D:3      | Reached skill level 1 in Fighting
  1656 | D:3      | Reached skill level 1 in Short Blades
  1656 | D:3      | Reached skill level 1 in Long Blades
  1656 | D:3      | Reached skill level 1 in Axes
  1656 | D:3      | Reached skill level 1 in Maces & Flails
  1656 | D:3      | Reached skill level 1 in Polearms
  1656 | D:3      | Reached skill level 1 in Staves
  1656 | D:3      | Reached skill level 1 in Ranged Weapons
  1656 | D:3      | Reached skill level 1 in Throwing
  1656 | D:3      | Reached skill level 1 in Armour
  1656 | D:3      | Reached skill level 1 in Shields
  1656 | D:3      | Reached skill level 1 in Unarmed Combat
  1656 | D:3      | Reached skill level 1 in Evocations
  1817 | D:3      | Found a burning altar of Makhleb.
  1853 | D:3      | Found Senog's Armour Boutique.
  2097 | D:3      | Reached skill level 1 in Shapeshifting
  2097 | D:3      | Reached XP level 4. HP: 32/32 MP: 9/11
  2410 | D:4      | Reached skill level 1 in Hexes
  2410 | D:4      | Reached skill level 1 in Summonings
  2410 | D:4      | Reached skill level 1 in Necromancy
  2410 | D:4      | Reached skill level 1 in Translocations
  2410 | D:4      | Reached skill level 1 in Fire Magic
  2410 | D:4      | Reached skill level 1 in Ice Magic
  2410 | D:4      | Reached skill level 1 in Air Magic
  2410 | D:4      | Reached skill level 1 in Alchemy
  2414 | D:4      | Learned a level 3 spell: Stone Arrow
  2554 | D:4      | Reached XP level 5. HP: 37/37 MP: 7/12
  2591 | D:4      | Noticed Blork the orc
  2596 | D:4      | Killed Blork the orc
  2662 | D:4      | Noticed a black bear
  2672 | D:4      | Killed a black bear
  2673 | D:4      | Reached skill level 5 in Dodging
  2673 | D:4      | Reached XP level 6. HP: 36/44 MP: 3/14
  2753 | D:4      | Identified the +1 short sword "Afituamp" {drain, rF+ rC+
                  | Will+}
  2991 | D:4      | Found Idozifig's Jewellery Boutique.
  3210 | D:4      | Found a staircase to the Ecumenical Temple.
  3228 | Temple   | Entered the Ecumenical Temple
  3247 | Temple   | Became a worshipper of Vehumet
  3326 | D:4      | Noticed Robin
  3331 | D:4      | Killed Robin
  3477 | D:5      | Entered Level 5 of the Dungeon
  3523 | D:5      | Noticed a black bear
  3529 | D:5      | Killed a black bear
  3530 | D:5      | Reached XP level 7. HP: 51/51 MP: 1/15
  3760 | D:5      | Found Xouroliesu's General Store.
  3770 | D:5      | Bought a scroll of teleportation for 39 gold pieces
  3820 | D:5      | Noticed a wyvern
  3830 | D:5      | Killed a wyvern
  3831 | D:5      | Reached skill level 5 in Stealth
  3990 | D:5      | Found a shimmering blue altar of Sif Muna.
  3990 | D:5      | Found a blossoming altar of Fedhas.
  4024 | D:5      | Found Zokucwol's Assorted Antiques.
  4043 | D:5      | Reached skill level 6 in Earth Magic
  4162 | D:5      | Found a stormy altar of Qazlal.
  4386 | D:6      | Reached XP level 8. HP: 58/58 MP: 9/16
  4395 | D:6      | HP: 1/56 [wight/+0 halberd (7)]
  4395 | D:6      | Slain by a wight

Illustrated notes

Levels and vault maps discovered:
D:1:      co_arrival_random_square_maze, layout_loops_cross,
          hellmonk_ecumenical_altar_zigzags
D:2:      layout_loops_cross
D:3:      layout_rooms, lemuel_tele_altar, serial_shops, shop,
          ebering_dispersal_statue_hall
D:4:      layout_gridville, minmay_temple_entry_nine_rooms, serial_shops, shop,
          dreamdust_princess_bridge, uniq_blork_the_orc, uniq_robin
D:5:      layout_rooms, nicolae_qazlal_scattered_showers,
          nicolae_overflow_two_pavilions, serial_shops, nicolae_shop_tiny_glass,
          nicolae_take_the_stairs, minmay_misc_feat_columns,
          kennysheep_generic_room_7
D:6:      layout_loops_ring, tso_oasis_becter, serial_shops, shop
Temple:   regret_index_temple_generic_petals

Skill      XL: |  1  2  3  4  5  6  7 |
---------------+----------------------+-----
Conjurations   | 2 3 |  3.3
Spellcasting   | 5 |  5.9
Invocations    | 1 2 3 |  3.3
Fighting       | 1 2 3 |  3.0
Short Blades   | 1 2 3 |  3.0
Long Blades    | 1 2 3 |  3.0
Axes           | 1 2 3 |  3.0
Maces & Flails | 1 2 3 |  3.0
Polearms       | 1 2 3 |  3.0
Staves         | 1 2 3 |  3.0
Ranged Weapons | 1 2 3 |  3.0
Throwing       | 1 2 3 |  3.0
Armour         | 1 2 3 |  3.0
Shields        | 1 2 3 |  3.0
Unarmed Combat | 1 2 3 |  3.0
Evocations     | 1 2 3 |  3.0
Shapeshifting  | 1 2 |  2.7
Hexes          | 1 2 |  2.4
Summonings     | 1 2 |  2.4
Necromancy     | 1 2 |  2.4
Translocations | 1 2 |  2.4
Fire Magic     | 1 2 |  2.4
Ice Magic      | 1 2 |  2.4
Air Magic      | 1 2 |  2.4
Alchemy        | 1 2 |  2.4
Dodging        | 5 |  5.5
Stealth        | 5 |  5.2
Earth Magic    | 6 |  6.0

Action                     |  1- 3 |  4- 6 |  7- 9 || total
---------------------------+-------+-------+-------++-------
  Melee: Unarmed           |     3 |       |       ||     3
         Bite              |     1 |       |     2 ||     3
         Short sword       |       |     3 |    10 ||    13
   Cast: Sandblast         |    43 |    47 |    28 ||   118
         Stone Arrow       |       |     9 |     9 ||    18
   Stab: Sleeping          |     1 |       |       ||     1
 Armour: Robe              |     2 |    23 |    16 ||    41
  Dodge: Dodged            |    10 |    22 |    16 ||    48
  Block: Other             |       |       |     6 ||     6

Table legend: (Time is in decaauts)
 A = Elapsed time spent in this place.
 B = Non-inter-level travel time spent in this place.
 C = Inter-level travel time spent in this place.
 D = Time resting spent in this place.
 E = Time spent auto-exploring this place.
 F = Levels seen in this place.
 G = Mean time per level.
                   A        B        C        D        E       F      G
               +--------+--------+--------+--------+--------+-----+--------+
         Total |   4449 |   4214 |    235 |    579 |   3073 |   7 |  635.6 |
       Dungeon |   4412 |   4197 |    215 |    579 |   3073 |   6 |  735.3 |
        Temple |     36 |     16 |     20 |      0 |      0 |   1 |   36.0 |
               +--------+--------+--------+--------+--------+-----+--------+

Top non-repeatable levels by time:
     D:4: 1048 daAuts
     D:1: 1023 daAuts
     D:5: 845 daAuts
     D:3: 766 daAuts
     D:2: 642 daAuts
     D:6: 85 daAuts
  Temple: 36 daAuts
